 Dungeon Crawl Stone Soup version 0.29.0-4-gdea44cf6ec (webtiles) character file.

Game seed: 12103608320592856395

13 qw the Chopper (level 2, -2/17 HPs)
             Began as a Tengu Warper on Aug 28, 2022.
             Slain by a worm (6 damage)
             ... on level 1 of the Dungeon.
             The game lasted 00:00:05 (953 turns).

qw the Chopper (Tengu Warper)                        Turns: 953, Time: 00:00:05

Health: -2/17      AC:  6    Str: 11    XL:     2   Next: 37%
Magic:  6/6        EV: 10    Int: 13    God:
Gold:   32         SH:  0    Dex: 13    Spells: 5/5 levels left

rFire   . . .      SeeInvis .   Y - +0 hand axe
rCold   . . .      Faith    .   (no shield)
rNeg    . . .      Spirit   .   d - +0 ring mail
rPois   .          Reflect  .   (helmet restricted)
rElec   .          Harm     .   (no cloak)
rCorr   .          Rampage  .   h - +0 pair of gloves
Will    .....                   (boots unavailable)
Stlth   +.........              (no amulet)
HPRegen 0.05/turn               (no ring)
MPRegen 0.10/turn               (no ring)

@: no status effects
A: beak, talons 3
a: no special abilities


You were on level 1 of the Dungeon.
You visited 1 branch of the dungeon, and saw 2 of its levels.

You collected 32 gold pieces.


Innate Abilities, Weirdness & Mutations

You have a beak for a mouth.
You have claws for feet.


   Skills:
 - Level 2.0 Fighting
 + Level 3.3 Axes
 - Level 1.0 Throwing
 - Level 1.1 Armour
 - Level 2.1 Dodging
 - Level 2.0 Spellcasting
 - Level 2.4 Translocations


You had 5 spell levels left.
You didn't know any spells.
Your spell library contained the following spells:

 Spells                   Type           Power      Damage    Failure   Level
 Blink                    Tloc           14%        N/A       34%         2
 Gell's Gravitas          Tloc           7%         N/A       56%         3
 Lesser Beckoning         Tloc           7%         N/A       56%         3
 Teleport Other           Tloc           7%         N/A       56%         3
 Manifold Assault         Tloc           7%         N/A       99%         5

Inventory:

Hand Weapons
 g - a +0 mace
 Y - a +0 hand axe (weapon)
Armour
 d - a +0 ring mail (worn)
 h - a +0 pair of gloves (worn)
Potions
 e - a potion of curing {unknown}

Dungeon Overview and Level Annotations

Branches:
Dungeon (2/15)

Altars:

Shops:
D:1 *

Annotations:
D:2 Sigmund


Message History

Level annotation: Sigmund Sigmund hits you but does no damage.
There is a stone staircase leading up here.
Sigmund mumbles some strange words.
Sigmund flickers and vanishes!
Deactivating autopickup; reactivate with Ctrl-A.
You barely miss something. You claw something. Something hits you.
You hit something. Your kick misses something. Something hits you.
775 ||| FLEEEEING.
Something hits you.
There is a stone staircase leading up, spattered with blood here.
776 ||| STAIRDANCE You climb upwards.
Reactivating autopickup.
There is a stone staircase leading down here.
You start resting.
HP restored.
Done exploring.
(D) Dungeon
Where to? (* - list waypoints, Enter - D:2, ? - help)
What level of the Dungeon? (default 1, ? - help)
You climb downwards.
Level annotation: Sigmund
There is a stone staircase leading up, spattered with blood here.
There are monsters nearby!
949 ||| STAIRDANCE Sigmund hits you from afar with a +0 scythe.
The worm bites you!
You climb upwards.
There is a stone staircase leading down here.
You barely miss the worm. You hit the worm. You claw the worm!
The worm is heavily wounded.
The worm closely misses you.
You hit the worm. You claw the worm. You peck the worm, but do no damage.
The worm is almost dead.
The worm bites you.
You die...

.#.#........#...............#####
.#.####.#...............##### #
.#.##...#..................#### #
##.#..###.#.............##....# #
#.#.## #.#........#.....###### #
##.#.####..........#.....####
.....#....#####..#.#........####
...###....# ##.#......#......##
..## #....# #@w....#####......
### #....# #......# ##.....
###### ##.....# ##.... #.....#
#.... #.....# ##### #######


You could see a worm.

Vanquished Creatures
  2 ball pythons (D:1)
  2 giant cockroaches (D:1)
  A goblin (D:1)
  3 bats (D:1)
  2 frilled lizards (D:1)
  3 kobolds (D:1)
  A rat (D:1)
14 creatures vanquished.

Notes
Turn   | Place    | Note
-------+----------+-------------------------------------------
     0 | D:1      | qw the Tengu Warper began the quest for the Orb.
     0 | D:1      | Reached XP level 1. HP: 12/12 MP: 4/4
     0 | D:1      | 0 ||| qw: Version: 0.1-a-89-g26bdef1
     0 | D:1      | 0 ||| qw: Game counter: 31
     0 | D:1      | 0 ||| qw: Always use a shield: true
     0 | D:1      | 0 ||| qw: God list: Okawaru
     0 | D:1      | 0 ||| qw: Allow faded altars: false
     0 | D:1      | 0 ||| qw: Do Orc after D:15 true
     0 | D:1      | 0 ||| qw: Do second Lair branch before Depths: true
     0 | D:1      | 0 ||| qw: Lair rune preference: random
     0 | D:1      | 0 ||| qw: Plans: Normal
     0 | D:1      | 0 ||| PLANNING D:1-11
   293 | D:1      | Found Fosum's General Store.
   308 | D:1      | 308 ||| SHOPLISTING +2 leather armour of cold resistance
                  | (266 gold, have 24).
   308 | D:1      | 308 ||| SHOPLISTING potion of cancellation (112 gold, have
                  | 24).
   308 | D:1      | 308 ||| SHOPLISTING potion of curing (42 gold, have 24).
   308 | D:1      | 308 ||| SHOPLISTING potion of might (56 gold, have 24).
   308 | D:1      | 308 ||| SHOPLISTING ring of see invisible (210 gold, have
                  | 24).
   308 | D:1      | 308 ||| SHOPLISTING scroll of enchant weapon (105 gold,
                  | have 24).
   316 | D:1      | Reached skill level 3 in Axes
   316 | D:1      | Reached XP level 2. HP: 17/17 MP: 6/6
   543 | D:1      | 543 ||| UPGRADING to +0 ring mail.
   553 | D:1      | 553 ||| DROPPING +0 leather armour.
   554 | D:1      | 554 ||| UPGRADING to +0 pair of gloves.
   559 | D:1      | 559 ||| READING scroll labelled MYKHLA GIREPH.
   560 | D:1      | 560 ||| DROPPING scroll of blinking.
   595 | D:2      | Noticed Sigmund
   598 | D:2      | 598 ||| FLEEEEING.
   599 | D:2      | 599 ||| FLEEEEING.
   600 | D:2      | 600 ||| FLEEEEING.
   601 | D:2      | 601 ||| FLEEEEING.
   602 | D:2      | 602 ||| FLEEEEING.
   603 | D:2      | 603 ||| FLEEEEING.
   604 | D:2      | 604 ||| STAIRDANCE
   769 | D:1      | 769 ||| READING scroll labelled DAMADWE MIFY.
   775 | D:2      | 775 ||| FLEEEEING.
   776 | D:2      | 776 ||| STAIRDANCE
   949 | D:2      | 949 ||| STAIRDANCE
   949 | D:2      | HP: 4/17 [worm (7)]
   953 | D:1      | Slain by a worm

Levels and vault maps discovered:
D:1:      dpeg_arrival_shrine, layout_rooms, serial_shops,
          nicolae_shop_waterfront
D:2:      minmay_diamond_boxcup, layout_loops_cross, basic_altar, serial_rivers,
          chequers_serial_rivers_large_a, chequers_serial_rivers_small_a,
          chequers_serial_rivers_micro_a, chequers_serial_rivers_micro_d,
          chequers_serial_rivers_micro_c, chequers_serial_rivers_small_b,
          uniq_sigmund

Skill      XL: |  1 |
---------------+----+-----
Axes           | 3 |  3.3
Fighting       | |  2.0
Throwing       | |  1.0
Armour         | |  1.1
Dodging        | |  2.1
Spellcasting   | |  2.0
Translocations | |  2.4

Action                   || total
-------------------------++-------
Melee: Hand axe          ||    37
       Kick              ||     8
       Peck              ||     5
Throw: Boomerang         ||     7
  Use: Scroll            ||     2
Armor: Leather armour    ||     9
       Ring mail         ||     1
Dodge: Dodged            ||    24

Table legend:
 A = Non-vault XP
 B = Vault XP
 C = Vault XP percentage of total XP
 D = Non-vault monster count
 E = Vault monster count
 F = Vault count percentage of total count
                 A         B        C        D         E       F
            +---------+---------+-------+---------+---------+-------
      Total |      19 |       0 |   0.0 |      14 |       0 |   0.0
            +---------+---------+-------+---------+---------+-------
        D:1 |      19 |       0 |   0.0 |      14 |       0 |   0.0
            +---------+---------+-------+---------+---------+-------
